 Dungeon Crawl Stone Soup version 0.32-a0-975-g85d4e5bfdb (webtiles) character file.

Game seed: 11950928592334175856

396 ragingrage the Ruffian (level 6, 0/48 HPs)
             Began as a Ghoul Warper on Apr 19, 2024.
             Slain by an ogre
             ... wielding a +0 giant club
              (13 damage)
             ... on level 5 of the Dungeon.
             The game lasted 00:04:33 (4097 turns).

ragingrage the Ruffian (Ghoul Warper)               Turns: 4097, Time: 00:04:33

Health: 0/48       AC:  4    Str: 17    XL:     6   Next: 83%
Magic:  5/8        EV: 11    Int: 12    God:
Gold:   63         SH:  0    Dex: 14    Spells: 3/8 levels left

rFire   . .          .
                       - Unarmed
rCold   + . .        (no shield)
rNeg    + + +        a - +0 leather armour
rPois   ∞            (no helmet)
rElec   .            e - +0 cloak
rCorr   .            (no gloves)
SInv    .            (no boots)
Will    .....        (no amulet)
Stlth   ++           w - +6 ring of dexterity
HPRegen 0.00/turn    (no ring)
MPRegen 0.11/turn

%: no passive effects
@: inhibited regen
A: claws 1, cold resistance 1, negative energy resistance 3, inhibited
regeneration, torment resistance 2, devour on kill
a: no special abilities


You were on level 5 of the Dungeon.
You visited 1 branch of the dungeon, and saw 5 of its levels.

You collected 97 gold pieces.
You spent 34 gold pieces at shops.

Inventory:

Missiles
 c - 7 darts of dispersal (quivered)
 h - 5 poisoned darts
Armour
 a - a +0 leather armour (worn)
 e - a +0 cloak (worn)
 o - a +0 pair of gloves
 r - a +2 pair of gloves
Jewellery
 u - a ring of positive energy
 w - a +6 ring of dexterity (left claw)
Wands
 j - a wand of mindburst (20)
 l - a wand of charming (7)
 s - a wand of digging (6)
 x - a wand of iceblast (9)
Scrolls
 b - a scroll of blinking
 d - 2 scrolls of amnesia
 f - a scroll of vulnerability {unknown}
 i - 2 scrolls of immolation
 m - a scroll of revelation {unknown}
 n - a scroll of enchant armour {unknown}
 p - 2 scrolls of noise
 y - a scroll of enchant weapon {unknown}
Potions
 g - 2 potions of degeneration {unknown}
 k - 2 potions of curing
 q - 2 potions of magic {unknown}
 t - 2 potions of brilliance
 v - 2 potions of cancellation {unknown}
 z - a potion of ambrosia {unknown}


   Skills:
 - Level 2.1 Fighting
 - Level 0.8 Throwing
 - Level 0.8 Armour
 - Level 1.7 Dodging
 - Level 2.0 Stealth
 + Level 5.7 Unarmed Combat
 - Level 1.7 Spellcasting
 + Level 4.7 Translocations


You had 3 spell levels left.
You knew the following spells:

 Your Spells              Type           Power      Damage    Failure   Level
a - Maxwell's Portable P  Tloc           12%        2d(6-17)  14%         3
b - Blink                 Tloc           24%        N/A       7%          2

Your spell library contained the following spells:

 Spells                   Type           Power      Damage    Failure   Level
 Lesser Beckoning         Tloc           24%        N/A       7%          2
 Teleport Other           Tloc           12%        N/A       14%         3
 Slow                     Hex            4%         N/A       32%         1
 Confusing Touch          Hex            1%         N/A       69%         3
 Vampiric Draining        Necr           1%         2d6       69%         3
 Vhi's Electric Charge    Tloc/Air       12%        N/A       77%         4


Dungeon Overview and Level Annotations

Branches:
Dungeon (5/15)
 Temple: D:4-7

Altars:
Kikubaaqudgha
Qazlal
Beogh

Shops:
D:3 :*

Annotations:
D:4 3 runed translucent doors, exclusions: hound and phantom, hattop's ghost, amateur DrSh


Innate Abilities, Weirdness & Mutations

You are immune to poison.
You have sharp fingernails.
Your flesh is cold resistant. (rC+)
You are immune to negative energy. (rN+++)
You do not regenerate when monsters are visible.
You are immune to unholy pain and torment.
You thrive by killing the living.


Message History

What are your orders? t - Shout!
Orders for allies: a - Attack new target. r - Retreat! s - Stop attacking. g - Guard the area. f - Follow me.
Anything else - Cancel.
You shout for attention!
You start waiting.
An ogre comes into view. It is wielding a +0 giant club.
An ogre is nearby!
An ogre is nearby!
What are your orders? t - Shout!
Orders for allies: a - Attack new target. r - Retreat! s - Stop attacking. g - Guard the area. f - Follow me.
Anything else - Cancel.
You shout for attention!
The ogre shouts!
Casting: Maxwell's Portable Piledriver (dangerous; 14% risk of failure)
There is nothing nearby that you can slingshot.
Unknown command.
Casting: Maxwell's Portable Piledriver (dangerous; 14% risk of failure)
There is nothing nearby that you can slingshot.
Unknown command.
Casting: Maxwell's Portable Piledriver (dangerous; 14% risk of failure)
There is nothing nearby that you can slingshot.
Casting: Maxwell's Portable Piledriver (dangerous; 14% risk of failure)
Casting: Maxwell's Portable Piledriver (dangerous; 14% risk of failure)
Press: ? - help, Dir - look around, f - activate Space contracts around you and the ogre and then re-expands violently!
The ogre slams into the rock wall!
The ogre hits you but does no damage.
You scratch the ogre but do no damage. You scratch the ogre.
The ogre hits you with a +0 giant club!!
You scratch the ogre.
The ogre hits you with a +0 giant club!!
* * * LOW HITPOINT WARNING * * *
You claw the ogre!
You feel better. The ogre hits you with a +0 giant club!
You die...

W.. #..........# ..
#..........# .
#O........## #.#....>.##
#.######## ## ##.# ..###
##..# #.#....########..##
#.. #....÷....@O##
#.##.........###
#............###
######............##
?..###..........#..#######
##.##....................#
...........<.....#########
...#).......#.####
......#.......#


You could see an ogre.

Vanquished Creatures
  2 scorpions
  2 hounds (D:5)
  A bombardier beetle (D:4)
  2 iguanas
  A gnoll (D:1)
  2 adders
  A white imp (D:5)
  A dart slug (D:1)
  A ribbon worm (D:4)
  12 orcs
  4 ball pythons (D:1)
  3 bat zombies (D:3)
  6 endoplasms
  2 giant cockroaches
  6 hobgoblins
  4 jackals
  7 kobolds
  3 quokkas
  7 bats
  2 frilled lizards (D:1)
  A frilled lizard zombie (D:3)
  10 goblins
  7 rats
87 creatures vanquished.

Notes
Turn   | Place    | Note
-------+----------+-------------------------------------------
     0 | D:1      | ragingrage the Ghoul Warper began the quest for the Orb.
     0 | D:1      | Reached XP level 1. HP: 17/17 MP: 3/3
    61 | D:1      | Reached skill level 1 in Stealth
   116 | D:1      | Reached XP level 2. HP: 23/24 MP: 4/4
   223 | D:1      | Reached skill level 3 in Unarmed Combat
   266 | D:1      | Reached XP level 3. HP: 27/29 MP: 5/5
   315 | D:1      | Learned a level 2 spell: Blink
   319 | D:1      | Learned a level 3 spell: Maxwell's Portable Piledriver
  1148 | D:2      | You fall into a shaft and drop 2 floors!
  1177 | D:4      | Reached XP level 4. HP: 36/36 MP: 6/6
  1218 | D:4      | Noticed a phantom
  1291 | D:4      | Reached skill level 4 in Unarmed Combat
  1480 | D:3      | Found Ysemianniu's Assorted Antiques.
  1490 | D:3      | Bought a scroll labelled DYUCLADGH OPSA for 17 gold pieces
  1490 | D:3      | Bought a scroll labelled VAPUXO YROCLENN for 17 gold pieces
  2063 | D:3      | Found Kokhlank's Book Boutique.
  2208 | D:3      | Found an ancient bone altar of Kikubaaqudgha.
  2271 | D:3      | Found a stormy altar of Qazlal.
  2523 | D:4      | Reached XP level 5. HP: 39/41 MP: 3/7
  2862 | D:4      | Reached skill level 5 in Unarmed Combat
  2879 | D:4      | Reached XP level 6. HP: 37/48 MP: 3/8
  2941 | D:4      | Found a runed translucent gate.
  2941 | D:4      | Found a runed translucent gate.
  2941 | D:4      | Found a runed translucent gate.
  2944 | D:4      | Noticed hattop's ghost (amateur DrSh)
  2946 | D:4      | Identified the +4 scale mail of the Sea {rElec rPois Dex-5
                  | Stlth+}
  3633 | D:4      | Found a roughly hewn altar of Beogh.
  3652 | D:5      | Entered Level 5 of the Dungeon
  4097 | D:5      | Slain by an ogre

Illustrated notes

Levels and vault maps discovered:
D:1:      dpeg_arrival_rooms_b, layout_basic, nicolae_grassy_gnolls
D:2:      layout_loops_cross, serial_bayou_pond_c
D:3:      layout_loops_ring, nicolae_qazlal_general_emergency,
          lemuel_zombie_altar_kikubaaqudgha, serial_shops,
          nicolae_shop_waterfront, nicolae_lakefront_shop
D:4:      layout_basic, biasface_ghost_orc_armoury, minmay_misc_feat_hallway
D:5:      layout_rooms, hellmonk_ghost_happy_afterlife, serial_shops, shop,
          shop, nicolae_stop_n_shop_2, nicolae_zig_zag_zippers

Skill      XL: |  1  2  3  4  5 |
---------------+----------------+-----
Stealth        | 1 2 |  2.0
Unarmed Combat | 3 4 5 |  5.7
Translocations | 3 4 |  4.7
Fighting       | |  2.1
Throwing       | |  0.8
Armour         | |  0.8
Dodging        | |  1.7
Spellcasting   | |  1.7

Action                     |  1- 3 |  4- 6 || total
---------------------------+-------+-------++-------
  Melee: Unarmed           |   129 |   164 ||   293
         Punch             |     2 |     4 ||     6
   Cast: Maxwell's Portabl |       |    11 ||    11
    Use: Scroll            |     2 |     5 ||     7
         Potion            |       |     2 ||     2
   Stab: Sleeping          |     1 |     2 ||     3
 Armour: Leather armour    |    77 |   114 ||   191
  Dodge: Dodged            |    59 |   105 ||   164

Table legend: (Time is in decaauts)
 A = Elapsed time spent in this place.
 B = Non-inter-level travel time spent in this place.
 C = Inter-level travel time spent in this place.
 D = Time resting spent in this place.
 E = Time spent auto-exploring this place.
 F = Levels seen in this place.
 G = Mean time per level.
                   A        B        C        D        E       F      G
               +--------+--------+--------+--------+--------+-----+--------+
         Total |   4080 |   3997 |     83 |    442 |   2747 |   5 |  816.0 |
       Dungeon |   4080 |   3997 |     83 |    442 |   2747 |   5 |  816.0 |
               +--------+--------+--------+--------+--------+-----+--------+

Top non-repeatable levels by time:
     D:4: 1671 daAuts
     D:1: 928 daAuts
     D:2: 650 daAuts
     D:3: 466 daAuts
     D:5: 362 daAuts
